 Dungeon Crawl Stone Soup version 0.32-a0-18-g89e19f1974 (webtiles) character file.

Game seed: 6829265550259028047

14899 cforsyth the Warrior (level 12, -4/216 HPs)
             Began as an Oni Shapeshifter on Jan 16, 2024.
             Was a High Priest of Qazlal.
             Slain by Frances
             ... wielding a +0 mace of holy wrath
              (8 damage)
             ... on level 12 of the Dungeon.
             The game lasted 00:19:33 (12893 turns).

cforsyth the Warrior (Oni Shapeshifter)            Turns: 12893, Time: 00:19:34

Health: -4/216     AC: 29    Str: 25    XL:     12   Next: 21%
Magic:  12/12      EV:  1    Int: 11    God:    Qazlal [*****.]
Gold:   621        SH: 11    Dex: 14    Spells: 11/11 levels left

rFire   . .          .
                       - Unarmed
rCold   + . .        (no shield)
rNeg    . . .        q - melded +2 robe {Will+}
rPois   +            (helmet currently unavailable)
rElec   .            (cloak currently unavailable)
rCorr   +            (gloves unavailable)
SInv    .            (boots unavailable)
Will    +....        z - amulet of reflection
Stlth   +            n - ring "Camown" {rPois rC+ rCorr AC+4}
HPRegen 0.56/turn    a - +6 ring of dexterity
MPRegen 0.13/turn

%: repel missiles, reflection
@: tree-form, protected from physical damage, corroded
A: stationary, stasis, torment immunity, boosted hp, large, unfitting armour,
(horns 1), (tough skin 1), double potion healing, drunken brawling
a: Renounce Religion, Upheaval, Elemental Force, Disaster Area


You were on level 12 of the Dungeon.
You worshipped Qazlal.
Qazlal was extremely pleased with you.
You were a tree.
You visited 2 branches of the dungeon, and saw 13 of its levels.
You also visited: Ossuary and Bailey.

You collected 621 gold pieces.

Inventory:

Armour
 q - a +2 robe of willpower (melded)
 G - the +0 helmet "Umoaw" {rPois rN+ rCorr Str+4}
   (You found it on level 10 of the Dungeon)

   Str+4:     It affects your strength (+4).
   rPois:     It protects you from poison rN+: It protects you from negative
   energy.
   rCorr:     It protects you from acid and corrosion.
Jewellery
 a - a +6 ring of dexterity (right branch)
 g - a ring of fire
 n - the ring "Camown" (left branch) {rPois rC+ rCorr AC+4}
   (You acquired it in a bailey)

   [ring of protection]

   AC+4:      It affects your AC (+4).
   rC+:       It protects you from cold.
   rPois:     It protects you from poison rCorr: It protects you from acid and
   corrosion.
 z - an amulet of reflection (around neck)
 H - a ring of wizardry
Talismans
 c - a beast talisman
 d - a flux talisman
Wands
 f - a wand of roots (3)
 s - a wand of mindburst (11)
 y - a wand of paralysis (5)
 F - a wand of polymorph (4)
 I - a wand of flame (8)
 J - a wand of light (3)
Scrolls
 k - a scroll of fog
 t - 3 scrolls of amnesia {unknown}
 u - 2 scrolls of revelation {unknown}
 w - a scroll of silence
 C - 3 scrolls of identify
 D - a scroll of fear {unknown}
 K - a scroll of teleportation
 L - a scroll of vulnerability
Potions
 b - 5 potions of lignification
 e - a potion of enlightenment {unknown}
 h - 2 potions of might
 i - a potion of experience {unknown}
 j - 3 potions of attraction
 l - a potion of heal wounds {unknown}
 m - 6 potions of curing
 o - 3 potions of haste {unknown}
 p - 3 potions of mutation
 r - 2 potions of resistance
 v - 2 potions of invisibility
 x - a potion of magic {unknown}
 A - 2 potions of berserk rage {unknown}
 B - a potion of ambrosia {unknown}
 E - a potion of brilliance {unknown}


   Skills:
 + Level 15.8 Fighting
 - Level 1.7 Dodging
 + Level 8.6 Unarmed Combat
 + Level 11.7 Shapeshifting


You had 11 spell levels left.
You didn't know any spells.
Your spell library contained the following spells:

 Spells                   Type           Power      Damage    Failure   Level
 Foxfire                  Conj/Fire      0%         2x1d4     34%         1
 Cigotuvi's Dreadful Rot  Necr/Alch/Air  0%         N/A       47%         2
 Ensorcelled Hibernation  Hex/Ice        0%         N/A       47%         2
 Anguish                  Hex/Necr       0%         N/A       98%         4
 Ignite Poison            Fire/Alch      0%         N/A       98%         4
 Freezing Cloud           Conj/Ice/Air   0%         6-21      100%        5
 Plasma Beam              Fire/Air       0%         2x1d10    100%        6
 Starburst                Conj/Fire      0%         6d3       100%        6
 Haunt                    Necr/Summ      0%         N/A       100%        7
 Borgnjor's Revivificati  Necr           0%         N/A       100%        8
 Death's Door             Necr           0%         N/A       100%        9


Dungeon Overview and Level Annotations

Branches:
Dungeon (12/15)            Temple (1/1) D:4            Lair (0/5) D:8
    Orc (0/2) D:9         Ossuary (visited)          Bailey (visited)

Altars:
Ashenzari
Cheibriados
Dithmenos
Elyvilon
Fedhas
Gozag
Kikubaaqudgha
Makhleb
Nemelex Xobeh
Okawaru
Qazlal
Ru
Sif Muna
Trog
Uskayaw
Vehumet
Wu Jian
Yredelemnul
The Shining One

Annotations:
D:4 Eustachio
D:12 Frances


Innate Abilities, Weirdness & Mutations

You are a tree.
Your roots penetrate the ground, keeping you stationary.
You cannot be teleported.
You are immune to unholy pain and torment.
Your maximum health is greatly increased.
Your equipment is partially melded.
You are too large for most types of armour.
((You have a pair of small horns on your head.))
((You have tough skin. (AC +1)))
You gain doubled healing and magic from potions.
Whenever you drink a healing potion, you attack all around you.


Message History

Frances hits you but does no damage.
The rust devil is engulfed in a thunderstorm.
The rust devil hits you. The rust devil corrodes you!
You block Frances's attack.
You smack Frances!
Frances is almost dead.
You block the ynoxinul's attack.
The orange demon is engulfed in blazing flames.
The orange demon stings you but does no damage.
Frances hits you with a +0 mace of holy wrath.
The rust devil is engulfed in a thunderstorm.
The rust devil hits you.
You barely miss Frances.
Frances is almost dead.
Frances hits you with a +0 mace of holy wrath!!
* * * LOW HITPOINT WARNING * * *
The orange demon is engulfed in blazing flames.
The orange demon stings you but does no damage.
The ynoxinul is engulfed in a thunderstorm.
The ynoxinul hits you but does no damage.
You smack Frances!
Frances is almost dead.
Frances hits you with a +0 mace of holy wrath!
* * * LOW HITPOINT WARNING * * *
You block the rust devil's attack.
The orange demon is engulfed in blazing flames.
You kill the orange demon!
The orange demon disappears in a puff of smoke!
The ynoxinul gestures at you. The iron shot hits you!!
* * * LOW HITPOINT WARNING * * *
You barely miss Frances.
Frances is almost dead.
Frances hits you with a +0 mace of holy wrath.
* * * LOW HITPOINT WARNING * * *
You block the rust devil's attack. The ynoxinul hits you.
* * * LOW HITPOINT WARNING * * *
You feel more protected from physical attacks.
Frances hits you with a +0 mace of holy wrath!
You die...

## .... #.#+# #+#. #...
##...#####...# '....
'......#...... #...
##......#...... ...
#.......#......
####'####.......+......
#...°@..#.......#......
#...°.♣4##).....#......
+......3.°'......#...... ..##
#....°☼..○##...#####...# ....#+
...........#.#'#...#'#.#
......#####.).....#####.......###
..........#+#...#'# #...........#
..@.........#####.. ##.........##
...3........... ... +.....^...+.
............... .. ##.......##.


You could see Frances (fast), a rust devil (summoned) and a ynoxinul (summoned).

Vanquished Creatures
  A two-headed ogre (D:9)
  An orc knight (Bailey)
  Pikel (D:3)
  An orc sorcerer (Bailey)
  3 ugly things
  A cyclops (D:11)
  A gargoyle (D:10)
  2 unseen horror zombies (D:9)
  2 kobold demonologists
  A komodo dragon (D:8)
  The ghost of zenocrate the Sneak, a novice VSEn of Gozag (D:5)
  A troll (D:5)
  A hornet (D:7)
  3 shadows
  2 wraiths (D:11)
  22 yaks
  A steam dragon (D:7)
  Edmund (D:5)
  2 water moccasins
  4 ice beasts
  11 orc warriors
  3 black bears
  An ogre (D:7)
  3 centaurs
  4 bullfrogs
  A scorpion (D:5)
  2 gnoll sergeants
  5 water moccasin zombies (Ossuary)
  A burial acolyte (Ossuary)
  4 wights
  8 killer bees
  2 electric eels (Bailey)
  4 howler monkeys
  A bombardier beetle (D:4)
  4 centaur zombies (D:9)
  3 jellies
  6 orc priests
  4 hounds
  3 iguanas
  A sleepcap (D:5)
  Natasha (thrice) (D:4)
  7 orc wizards
  2 crocodile zombies (Ossuary)
  2 mummies (Ossuary)
  3 howler monkey zombies (D:9)
  12 gnolls
  12 adders
  A shadow imp (D:8)
  6 white imps
  3 ufetubi (D:8)
  4 adder zombies (Ossuary)
  5 dart slugs
  3 ribbon worms
  35 orcs
  5 ball pythons
  8 endoplasms
  3 giant cockroaches
  12 gnoll zombies (Ossuary)
  28 goblins
  13 hobgoblins
  4 jackals (D:1)
  3 quokkas
  6 bats
  7 frilled lizards
  A goblin zombie (D:5)
  3 jackal zombies (Ossuary)
  4 kobolds
  6 orc zombies (Ossuary)
  4 rats
328 creatures vanquished.

Notes
Turn   | Place    | Note
-------+----------+-------------------------------------------
     0 | D:1      | cforsyth the Oni Shapeshifter began the quest for the Orb.
     0 | D:1      | Reached XP level 1. HP: 19/19 MP: 1/1
   103 | D:1      | Found a faded altar of an unknown god.
   206 | D:1      | Reached XP level 2. HP: 15/28 MP: 2/2
   214 | D:1      | Reached skill level 2 in Fighting
   370 | D:1      | Reached XP level 3. HP: 24/36 MP: 3/3
   921 | D:2      | Reached skill level 3 in Fighting
   971 | D:2      | Reached XP level 4. HP: 37/45 MP: 4/4
  2012 | D:3      | Reached XP level 5. HP: 54/54 MP: 5/5
  2213 | D:3      | Reached skill level 4 in Fighting
  2430 | D:3      | Found a bloodstained altar of Trog.
  2460 | D:4      | Noticed Eustachio
  2640 | D:4      | Reached XP level 6. HP: 58/63 MP: 6/6
  2785 | D:4      | Found a staircase to the Ecumenical Temple.
  2792 | D:4      | Noticed Pikel
  2838 | D:3      | Killed Pikel
  2839 | D:3      | Reached skill level 6 in Fighting
  2839 | D:3      | Reached skill level 5 in Unarmed Combat
  2839 | D:3      | Reached skill level 5 in Shapeshifting
  2839 | D:3      | Reached XP level 7. HP: 76/76 MP: 7/7
  3216 | D:4      | Noticed Natasha
  3219 | D:4      | Killed Natasha
  3301 | Temple   | Entered the Ecumenical Temple
  3323 | Temple   | Became a worshipper of Qazlal Stormbringer
  3418 | D:4      | Noticed Natasha
  3422 | D:4      | Killed Natasha
  3468 | D:4      | Noticed Natasha
  3474 | D:4      | Killed Natasha
  3475 | D:4      | Reached XP level 8. HP: 82/84 MP: 8/8
  3489 | D:5      | Entered Level 5 of the Dungeon
  3496 | D:5      | Reached skill level 7 in Fighting
  3557 | D:5      | Found a sand-covered staircase.
  3564 | Ossuary  | Entered an ossuary
  3766 | Ossuary  | Reached * piety under Qazlal
  3941 | Ossuary  | Reached skill level 8 in Fighting
  4161 | D:5      | Noticed Edmund
  4178 | D:5      | Killed Edmund
  4399 | D:5      | Noticed a troll
  4409 | D:5      | Reached XP level 9. HP: 97/97 MP: 9/9
  4415 | D:5      | Killed a troll
  4421 | D:5      | Reached skill level 9 in Fighting
  4555 | D:5      | Found a runed translucent door.
  4561 | D:5      | Noticed zenocrate's ghost (novice VSEn)
  4583 | D:5      | Killed zenocrate's ghost
  4731 | D:5      | Found a snail-covered altar of Cheibriados.
  4778 | D:5      | Reached ** piety under Qazlal
  5981 | D:6      | Reached skill level 10 in Fighting
  6306 | D:7      | Noticed a hornet
  6311 | D:7      | Killed a hornet
  6374 | D:7      | Reached XP level 10. HP: 90/111 MP: 10/10
  6660 | D:7      | Found a white marble altar of Elyvilon.
  6727 | D:7      | Found a flagged portal.
  6773 | Bailey   | Entered a bailey
  6860 | Bailey   | Reached skill level 11 in Fighting
  7117 | Bailey   | Noticed an orc knight
  7132 | Bailey   | Killed an orc knight
  7135 | Bailey   | Reached *** piety under Qazlal
  7328 | Bailey   | Acquired the ring "Camown" {rPois rC+ rCorr AC+4}
  7438 | Bailey   | Noticed a kobold demonologist
  7452 | Bailey   | Killed a kobold demonologist
  8118 | Bailey   | Found an iron altar of Okawaru.
  8119 | Bailey   | Noticed an orc sorcerer
  8162 | Bailey   | Reached skill level 12 in Fighting
  8170 | Bailey   | Killed an orc sorcerer
  8334 | Bailey   | Got the Precepts of Mortification and Hypothermia
  8894 | D:8      | Found a staircase to the Lair.
  9109 | D:8      | Found a glowing golden altar of the Shining One.
  9196 | D:8      | Reached XP level 11. HP: 110/126 MP: 11/11
  9204 | D:8      | Reached skill level 13 in Fighting
  9620 | D:9      | Reached **** piety under Qazlal
  9754 | D:9      | Reached skill level 10 in Shapeshifting
 10049 | D:9      | Noticed a white ugly thing
 10050 | D:9      | Noticed a two-headed ogre
 10053 | D:9      | Noticed a green ugly thing
 10057 | D:9      | Killed a two-headed ogre
 10058 | D:9      | Reached skill level 14 in Fighting
 10081 | D:8      | Killed a green ugly thing
 10313 | D:9      | Killed a green ugly thing
 10374 | D:9      | Reached ***** piety under Qazlal
 10386 | D:9      | Found a basalt altar of Yredelemnul.
 10762 | D:9      | Found a staircase to the Orcish Mines.
 10835 | D:10     | Entered Level 10 of the Dungeon
 11048 | D:10     | Found an iron altar of Okawaru.
 11057 | D:10     | Identified the +0 helmet "Umoaw" {rPois rN+ rCorr Str+4}
 11530 | D:10     | Found an opulent altar of Gozag.
 11817 | D:10     | Found a broken altar of Ashenzari.
 11925 | D:11     | Reached skill level 15 in Fighting
 12003 | D:11     | Noticed a cyclops
 12009 | D:11     | Killed a cyclops
 12136 | D:11     | Found an ornate altar of the Wu Jian Council.
 12162 | D:11     | Reached XP level 12. HP: 125/143 MP: 12/12
 12747 | D:12     | Noticed Frances
 12892 | D:12     | HP: 9/216 [ynoxinul/iron shot[Frances] (35)]
 12893 | D:12     | HP: 4/216 [ynoxinul[Frances] (3)]
 12893 | D:12     | Slain by Frances

Illustrated notes

Levels and vault maps discovered:
D:1:      erik_arrival_orb_chamber, layout_loops_ring,
          hellmonk_ecumenical_altar_crossroads, minmay_bisected
D:2:      layout_basic
D:3:      layout_rooms, bloody_trog
D:4:      cheibrodos_greedy_goblins, layout_loops_ring,
          grunt_temple_overflow_order_and_chaos_1, old_standard_altar,
          temple_pool_b, serial_bayou_pond_b, sigmund_army, uniq_eustachio,
          uniq_natasha, uniq_robin, uniq_pikel
D:5:      layout_loops_ring, kennysheep_slug_shrine,
          ebering_ghost_reflecting_pool, enter_ossuary_3,
          minmay_divided_ellipse, uniq_edmund
D:6:      layout_basic, nrook_loot_triangle, minmay_stone_trees_small
D:7:      layout_basic, mainiacjoe_overflow_alcove_1, enter_bailey_3
D:8:      layout_rooms, lemuel_tele_altar, david_lair_shrubbed, serial_demonic,
          serial_demonic_d, serial_demonic_e, serial_demonic_d, serial_demonic_d
D:9:      layout_cave_pods, nicolae_yredelemnul_corpse_copse, hiddenorc1_lemuel
D:10:     layout_basic, lemuel_coloured_pillars_altar,
          mainiacjoe_overflow_six_doors_small, okawaru_trees_1,
          hangedman_decor_peaks_small
D:11:     layout_big_octagon, pdpol_wu_jian_five_deadly_venoms
D:12:     nicolae_cairo_tiling_very_big, layout_irregular_city, the_hattery,
          uniq_josephine, uniq_frances
Temple:   bh_familiar_temple

Skill      XL: |  1  2  3  4  5  6  7  8  9 10 11 |
---------------+----------------------------------+-----
Fighting       | 2 3 4 6 8 10 12 15 | 15.8
Unarmed Combat | 3 4 5 6 7 8 |  8.6
Shapeshifting  | 4 5 6 7 9 11 | 11.7
Dodging        | |  1.7

Action                     |  1- 3 |  4- 6 |  7- 9 | 10-12 || total
---------------------------+-------+-------+-------+-------++-------
  Melee: Unarmed           |    88 |   142 |   294 |   482 ||  1006
         Headbutt          |     7 |    19 |    62 |   100 ||   188
         Punch             |     1 |     6 |    10 |    37 ||    54
    Use: Potion            |       |     1 |     1 |     2 ||     4
         Scroll            |       |       |    12 |     2 ||    14
   Stab: Sleeping          |     1 |       |       |       ||     1
 Armour: Animal skin       |    66 |    93 |       |       ||   159
         Skin              |       |     5 |     8 |    32 ||    45
         Robe              |       |       |   194 |   229 ||   423
  Dodge: Dodged            |    41 |    51 |    97 |   123 ||   312
         Repelled          |       |       |       |     2 ||     2
  Block: Other             |       |       |    14 |   161 ||   175
         Reflection        |       |       |       |     8 ||     8

Table legend: (Time is in decaauts)
 A = Elapsed time spent in this place.
 B = Non-inter-level travel time spent in this place.
 C = Inter-level travel time spent in this place.
 D = Time resting spent in this place.
 E = Time spent auto-exploring this place.
 F = Levels seen in this place.
 G = Mean time per level.
                   A        B        C        D        E       F      G
               +--------+--------+--------+--------+--------+-----+--------+
         Total |  12778 |  12482 |    296 |   1449 |   8480 |  15 |  851.9 |
       Dungeon |  10488 |  10222 |    266 |    447 |   7817 |  12 |  874.0 |
        Temple |     37 |      7 |     30 |      0 |      0 |   1 |   37.0 |
       Ossuary |    551 |    551 |      0 |    138 |    287 |   1 |  551.0 |
        Bailey |   1700 |   1700 |      0 |    864 |    376 |   1 | 1700.0 |
               +--------+--------+--------+--------+--------+-----+--------+

Top non-repeatable levels by time:
  Bailey: 1700 daAuts
     D:5: 1292 daAuts
     D:2: 1095 daAuts
    D:10: 1061 daAuts
     D:9: 1020 daAuts
     D:8: 986 daAuts
     D:6: 945 daAuts
     D:4: 929 daAuts
    D:11: 864 daAuts
     D:1: 778 daAuts
     D:7: 765 daAuts
     D:3: 630 daAuts
 Ossuary: 551 daAuts
    D:12: 119 daAuts
  Temple: 37 daAuts
